 Dungeon Crawl Stone Soup version 0.31-a0-854-g362426d53f (webtiles) character file.

Game seed: 12252774905465781649

23 Shayle the Grasshopper (level 2, -2/23 HPs)
             Began as a Demonspawn Warper on Oct 9, 2023.
             Slain by an adder (3 damage)
             ... on level 2 of the Dungeon.
             The game lasted 00:02:47 (842 turns).

Shayle the Grasshopper (Demonspawn Warper)           Turns: 842, Time: 00:02:48

Health: -2/23      AC:  4    Str: 11    XL:     2   Next: 75%
Magic:  5/5        EV: 11    Int: 14    God:
Gold:   43         SH:  0    Dex: 12    Spells: 5/5 levels left

rFire   . . .        a - +0 spear
rCold   . . .        (no shield)
rNeg    . . .        b - +0 leather armour
rPois   .            (no helmet)
rElec   .            (no cloak)
rCorr   .            (no gloves)
SInv    .            (no boots)
Will    .....        (no amulet)
Stlth   +            (no ring)
HPRegen 0.23/turn    (no ring)
MPRegen 0.09/turn

%: no passive effects
@: no status effects
A: rugged brown scales 1
a: no special abilities


You were on level 2 of the Dungeon.
You visited 1 branch of the dungeon, and saw 2 of its levels.

You collected 43 gold pieces.

Inventory:

Hand Weapons
 a - a +0 spear (weapon)
Missiles
 d - a dart of dispersal (quivered)
Armour
 b - a +0 leather armour (worn)
Scrolls
 c - a scroll of blinking
 f - 2 scrolls of identify {unknown}
 h - a scroll of immolation {unknown}
 i - a scroll of fear {unknown}
Potions
 e - a potion of magic {unknown}


   Skills:
 + Level 2.5 Fighting
 - Level 1.7 Polearms
 - Level 0.8 Throwing
 + Level 1.5 Armour
 - Level 1.7 Dodging
 + Level 2.4 Spellcasting
 - Level 2.6 Translocations


You had 5 spell levels left.
You didn't know any spells.
Your spell library contained the following spells:

 Spells                   Type           Power      Damage    Failure   Level
 Blink                    Tloc           18%        N/A       16%         2
 Lesser Beckoning         Tloc           18%        N/A       16%         2
 Momentum Strike          Conj/Tloc      10%        3d8       26%         2
 Teleport Other           Tloc           9%         N/A       30%         3
 Manifold Assault         Tloc           9%         N/A       69%         4
 Vhi's Electric Charge    Tloc/Air       10%        N/A       86%         4
 Summon Ice Beast         Ice/Summ       1%         N/A       96%         4
 Summon Mana Viper        Hex/Summ       1%         N/A       100%        5
 Monstrous Menagerie      Summ           0%         N/A       100%        7


Dungeon Overview and Level Annotations

Branches:
Dungeon (2/15)

Altars:


Innate Abilities, Weirdness & Mutations

You are partially covered in rugged brown scales. (AC +1, +3% HP)


Message History

The adder bites you.
You hit the adder.
The adder is almost dead.
The adder barely misses you. x2
You closely miss the adder.
The adder is almost dead.
The adder bites you.
* * * LOW HITPOINT WARNING * * *
You closely miss the adder.
The adder is almost dead.
The adder bites you but does no damage.
You closely miss the adder.
The adder is almost dead.
The adder misses you. The adder bites you.
* * * LOW HITPOINT WARNING * * *
You are poisoned.
The adder poisons you!
You hit the adder.
The adder is almost dead.
* * * LOW HITPOINT WARNING * * *
You feel sick. The adder closely misses you.
Unknown command.
You closely miss the adder.
The adder is almost dead.
* * * LOW HITPOINT WARNING * * *
You feel sick. The adder bites you but does no damage.
Throw: 2 darts (disperse)
Press: ? - help, Q - select action Shift-Dir - straight line, f/p - adder
Aim: an adder (almost dead, 32% to hit)
You throw a dart of dispersal.
The dart of dispersal closely misses the adder.
* * * LOW HITPOINT WARNING * * *
You feel sick. The adder bites you but does no damage.
You closely miss the adder.
The adder is almost dead.
* * * LOW HITPOINT WARNING * * *
You feel sick.
You are no longer poisoned.
The adder closely misses you. The adder bites you.
You die...

##### #....# #....#####
# # #....#...# .# ...
#....#.#.###.#....
.......#..........
#######.....S@..#.
.....................
######.#################
#.# #........# #.#
#.######.#
###.########.# #.#
#.........##.# #.#####
#..ยง......##.# #.....#
#.........##.# #####.#


You could see an adder.

Vanquished Creatures
  A dart slug (D:1)
  2 ball pythons (D:1)
  6 bats
  An endoplasm (D:1)
  3 giant cockroaches (D:1)
  3 goblins (D:1)
  3 frilled lizards (D:1)
  A kobold (D:1)
  A rat (D:1)
21 creatures vanquished.

Notes
Turn   | Place    | Note
-------+----------+-------------------------------------------
     0 | D:1      | Shayle the Demonspawn Warper began the quest for the Orb.
     0 | D:1      | Reached XP level 1. HP: 16/16 MP: 3/3
    73 | D:1      | Reached skill level 1 in Armour
   162 | D:1      | Gained mutation: You are partially covered in rugged brown
                  | scales. (AC +1, +3% HP) [demonic ancestry]
   162 | D:1      | Reached XP level 2. HP: 15/22 MP: 5/5
   842 | D:2      | HP: 1/23 [poisoned by an adder]
   842 | D:2      | Slain by an adder

Illustrated notes

Levels and vault maps discovered:
D:1:      dpeg_arrival_snail, layout_basic, minmay_tiny_reverse_x
D:2:      layout_basic

Skill      XL: |  1 |
---------------+----+-----
Armour         | 1 |  1.5
Fighting       | |  2.5
Polearms       | |  1.7
Throwing       | |  0.8
Dodging        | |  1.7
Spellcasting   | |  2.4
Translocations | |  2.6

Action                     || total
---------------------------++-------
  Melee: Spear             ||   126
         Punch             ||     2
  Throw: Dart              ||     6
    Use: Potion            ||     2
 Armour: Leather armour    ||    82
  Dodge: Dodged            ||    89

Table legend: (Time is in decaauts)
 A = Elapsed time spent in this place.
 B = Non-inter-level travel time spent in this place.
 C = Inter-level travel time spent in this place.
 D = Time resting spent in this place.
 E = Time spent auto-exploring this place.
 F = Levels seen in this place.
 G = Mean time per level.
                   A        B        C        D        E       F      G
               +--------+--------+--------+--------+--------+-----+--------+
         Total |    842 |    833 |      9 |     55 |    481 |   2 |  421.0 |
       Dungeon |    842 |    833 |      9 |     55 |    481 |   2 |  421.0 |
               +--------+--------+--------+--------+--------+-----+--------+

Top non-repeatable levels by time:
     D:1: 731 daAuts
     D:2: 111 daAuts
